 Dungeon Crawl Stone Soup version 0.32-a0-913-g739538afd8 (webtiles) character file.

Game seed: 17592275281729670206

44 Autsider the Chiller (level 3, -3/26 HPs)
             Began as a Ghoul Ice Elementalist on Apr 7, 2024.
             Slain by a gnoll
             ... wielding a +0 spear
              (5 damage)
             ... on level 4 of the Dungeon.
             The game lasted 00:03:56 (1552 turns).

Autsider the Chiller (Ghoul Ice Elementalist)       Turns: 1552, Time: 00:03:57

Health: -3/26      AC:  3    Str: 11    XL:     3   Next: 60%
Magic:  4/6        EV: 11    Int: 16    God:
Gold:   116        SH:  0    Dex:  9    Spells: 3/7 levels left

rFire   + . .        k - +0 sling
rCold   + . .        (no shield)
rNeg    + + +        a - +0 robe
rPois   ∞            e - +0 helmet
rElec   .            (no cloak)
rCorr   .            (no gloves)
SInv    .            (no boots)
Will    .....        (no amulet)
Stlth   ++           d - ring of protection from fire
HPRegen 0.00/turn    (no ring)
MPRegen 0.10/turn

%: no passive effects
@: inhibited regen
A: claws 1, cold resistance 1, negative energy resistance 3, inhibited
regeneration, torment resistance 2, devour on kill
a: no special abilities


You were on level 4 of the Dungeon.
You visited 1 branch of the dungeon, and saw 3 of its levels.

You collected 116 gold pieces.

Inventory:

Hand Weapons
 k - a +0 sling (weapon)
Armour
 a - a +0 robe (worn)
 e - a +0 helmet (worn)
Jewellery
 d - a ring of protection from fire (left claw)
 h - a ring of fire
Scrolls
 f - 2 scrolls of fear {unknown}
 j - 3 scrolls of teleportation {unknown}
 n - a scroll of identify {unknown}
Potions
 b - a potion of magic
 c - a potion of brilliance {unknown}
 g - 2 potions of invisibility {unknown}
 i - a potion of curing {unknown}
 l - a potion of heal wounds {unknown}
 m - a potion of resistance {unknown}


   Skills:
 - Level 1.7 Dodging
 - Level 2.1 Stealth
 + Level 2.6 Spellcasting
 + Level 5.1 Ice Magic


You had 3 spell levels left.
You knew the following spells:

 Your Spells              Type           Power      Damage    Failure   Level
a - Freeze                Ice            72%        1d8       2%          1
b - Frozen Ramparts       Ice            36%        1d6       7%          3

Your spell library contained the following spells:

 Spells                   Type           Power      Damage    Failure   Level
 Ozocubu's Armour         Ice            18%        N/A       7%          3
 Summon Ice Beast         Ice/Summ       10%        N/A       21%         3
 Cigotuvi's Dreadful Rot  Necr/Alch/Air  4%         N/A       30%         2
 Dispel Undead            Necr           2%         3d7       89%         4
 Martyr's Knell           Necr/Summ      2%         N/A       89%         4


Dungeon Overview and Level Annotations

Branches:
Dungeon (2/15)

Altars:
Trog

Annotations:
D:4 Sigmund


Innate Abilities, Weirdness & Mutations

You are immune to poison.
You have sharp fingernails.
Your flesh is cold resistant. (rC+)
You are immune to negative energy. (rN+++)
You do not regenerate when monsters are visible.
You are immune to unholy pain and torment.
You thrive by killing the living.


Message History

Found a quarterstaff.
A gnoll comes into view. It is wielding a +0 spear.
You shoot a sling bullet.
The sling bullet hits the gnoll but does no damage.
The gnoll shouts!
You hear a shout!
A gnoll comes into view. It is wielding a +0 spear.
You hear a shout! x2
You shoot a sling bullet. The sling bullet hits the gnoll.
The gnoll is lightly wounded.
You shoot a sling bullet. The sling bullet hits the gnoll.
The gnoll is moderately wounded.
A gnoll comes into view. It is wielding a +0 spear. x2
The gnoll moves out of view.
Casting: Frozen Ramparts (quite dangerous; 8% risk of failure)
Confirm with . or Enter, or press ? or * to list all spells.
Casting: Frozen Ramparts (quite dangerous; 8% risk of failure)
Press: ? - help, Dir - look around, f - activate The walls around you are covered in ice.
The wall freezes the gnoll.
The gnoll hits you from afar with a +0 spear.
The wall freezes the gnoll.
The gnoll hits you from afar with a +0 spear.
The wall freezes the gnoll.
You kill the gnoll!
The wall freezes the gnoll.
The gnoll closely misses you.
The wall freezes the gnoll.
The gnoll hits you from afar with a +0 spear!
* * * LOW HITPOINT WARNING * * *
The wall freezes the gnoll.
The gnoll hits you from afar with a +0 spear.
* * * LOW HITPOINT WARNING * * *
Okay, then.
The frozen ramparts melt away as you move.
The gnoll attacks as it pursues you! The gnoll completely misses you.
The gnoll attacks as it pursues you!
The gnoll hits you from afar with a +0 spear!
* * * LOW HITPOINT WARNING * * *
There is a stone staircase leading down here.
The gnoll hits you from afar with a +0 spear.
You die...

##.. ## #..# ##.#.
#.##...## # #..##
##....#..##. ####
...........# #.###
#.....#...# #...# ##
#........# ##.... #..
##........# ##.....
)..###..@......####>..###
#....................##.
#......g..........###...
##.....g..##.....## ##..
..#....#.######..## ##.
.......g## #...### #..
##..##..## #.....###.#
##. ###.## ###.........#
# #.g##............#


You could see 3 gnolls.

Vanquished Creatures
  A gnoll (D:4)
  A ribbon worm (D:2)
  2 ball pythons (D:1)
  5 endoplasms
  A giant cockroach (D:1)
  4 goblins (D:1)
  4 hobgoblins
  A quokka (D:1)
  2 bats (D:1)
  2 frilled lizards
  3 kobolds (D:1)
  2 rats
28 creatures vanquished.

Notes
Turn   | Place    | Note
-------+----------+-------------------------------------------
     0 | D:1      | Autsider the Ghoul Ice Elementalist began the quest for the
                  | Orb.
     0 | D:1      | Reached XP level 1. HP: 14/14 MP: 3/3
   151 | D:1      | Found a faded altar of an unknown god.
   178 | D:1      | Reached XP level 2. HP: 20/20 MP: 3/5
   820 | D:1      | Reached XP level 3. HP: 21/26 MP: 3/6
   824 | D:1      | Learned a level 3 spell: Frozen Ramparts
  1166 | D:2      | Reached skill level 5 in Ice Magic
  1277 | D:2      | Found a bloodstained altar of Trog.
  1413 | D:2      | You fall into a shaft and drop 2 floors!
  1415 | D:4      | Noticed a black bear
  1420 | D:4      | Noticed Sigmund
  1552 | D:4      | Slain by a gnoll

Illustrated notes

Levels and vault maps discovered:
D:1:      psy_arrival_dodecagon, layout_basic, basic_ecumenical_altar
D:2:      layout_loops_ring, basic_altar, serial_bayou_crossing
D:4:      layout_layer_cave, serial_shops, shop, uniq_sigmund

Skill      XL: |  1  2  3 |
---------------+----------+-----
Spellcasting   | 2 |  2.6
Ice Magic      | 5 |  5.1
Dodging        | |  1.7
Stealth        | |  2.1

Action                     || total
---------------------------++-------
  Melee: Unarmed           ||    23
         Punch             ||     2
   Fire: Sling             ||    15
   Cast: Freeze            ||    24
         Frozen Ramparts   ||     3
   Stab: Sleeping          ||     3
 Armour: Robe              ||    35
  Dodge: Dodged            ||    18

Table legend: (Time is in decaauts)
 A = Elapsed time spent in this place.
 B = Non-inter-level travel time spent in this place.
 C = Inter-level travel time spent in this place.
 D = Time resting spent in this place.
 E = Time spent auto-exploring this place.
 F = Levels seen in this place.
 G = Mean time per level.
                   A        B        C        D        E       F      G
               +--------+--------+--------+--------+--------+-----+--------+
         Total |   1556 |   1509 |     47 |     68 |   1172 |   3 |  518.7 |
       Dungeon |   1556 |   1509 |     47 |     68 |   1172 |   3 |  518.7 |
               +--------+--------+--------+--------+--------+-----+--------+

Top non-repeatable levels by time:
     D:1: 1011 daAuts
     D:2: 405 daAuts
     D:4: 140 daAuts
